 Dungeon Crawl Stone Soup version 0.30.0-5-g1a98f26d00 (webtiles) character file.

Game seed: 11335125410457212817

85328 SnakkuSnakku7 the Fencer (level 15, -6/115 HPs)
             Began as a Vampire Hedge Wizard on May 12, 2023.
             Was a High Priest of Okawaru.
             Mangled by a white ugly thing (21 damage)
             ... on level 14 of the Dungeon.
             The game lasted 00:35:21 (19930 turns).

SnakkuSnakku7 the Fencer (Vampire Hedge Wizard)    Turns: 19930, Time: 00:35:23

Health: -6/115     AC:  9    Str: 11    XL:     15   Next: 37%
Magic:  19/19      EV: 23    Int: 18    God:    Okawaru [*****.]
Gold:   2166       SH:  0    Dex: 18    Spells: 18/19 levels left

rFire   . . .        a - +11 plutonium sword {Contam Stlth-}
rCold   . . .        (shield currently unavailable)
rNeg    . . .        D - +1 troll leather armour {Snorg}
rPois   +            E - +2 helmet
rElec   .            I - +2 cloak {rPois}
rCorr   .            A - +2 pair of gloves
SInv    +            f - +2 pair of boots
Will    ++...        b - amulet of regeneration
Stlth   +            e - +5 ring of evasion
HPRegen 2.19/turn    M - ring of willpower
MPRegen 0.16/turn

%: no passive effects
@: corroded, healing quickly, studying Summonings
A: alive, fangs 3, see invisible, no potion heal 1, inability to use devices,
hated by all, no air magic, no necromancy magic, no transmutations magic,
disrupted magic 1, unskilled 1, vampiric 2
a: Exsanguinate, Renounce Religion, Heroism, Finesse, Duel


You were on level 14 of the Dungeon.
You worshipped Okawaru.
Okawaru was extremely pleased with you.
You visited 4 branches of the dungeon, and saw 22 of its levels.
You also visited: Ossuary and Bailey.

You collected 3229 gold pieces.
You spent 1063 gold pieces at shops.

Inventory:

Hand Weapons
 a - the +11 plutonium sword (weapon) {Contam Stlth-}
   (You acquired it on level 2 of the Lair of Beasts)

   Contam:    It causes magical contamination when unequipped.
   Stlth:     It makes you less stealthy.
 k - the +8 scimitar of Regicide {heavy, rC+ rCorr}
   (You bought it in a shop on level 2 of the Dungeon)

   rC:        It protects you from cold.
   rCorr:     It protects you from acid and corrosion.
Missiles
 H - 4 curare-tipped darts
 U - 2 throwing nets (quivered)
Armour
 f - a +2 pair of boots (worn)
 t - +2 ice dragon scales
 A - a +2 pair of gloves (worn)
 C - +0 acid dragon scales
 D - a +1 troll leather armour (worn) {Snorg}
 E - a +2 helmet (worn)
 I - a +2 cloak of poison resistance (worn)
 Q - +0 steam dragon scales
Jewellery
 b - an amulet of regeneration (around neck)
 e - a +5 ring of evasion (left hand)
 i - an amulet of guardian spirit
 B - a ring of protection from fire
 M - a ring of willpower (right hand)
 T - a +6 ring of strength
Scrolls
 c - 3 scrolls of poison
 g - a scroll of fear
 j - 4 scrolls of teleportation
 l - a scroll of silence
 o - 2 scrolls of identify
 p - 3 scrolls of magic mapping
 v - 4 scrolls of amnesia
 w - 2 scrolls of vulnerability
 x - 5 scrolls of enchant weapon
 y - 2 scrolls of blinking
 G - a scroll of fog
 O - 4 scrolls of immolation
Potions
 d - 3 potions of magic
 h - 4 potions of mutation
 m - 4 potions of brilliance
 n - a potion of ambrosia
 q - a potion of berserk rage
 r - 4 potions of haste
 s - a potion of resistance
 u - 4 potions of heal wounds
 z - a potion of invisibility
 F - 5 potions of lignification
 J - 5 potions of curing
 K - 3 potions of might
 L - 2 potions of cancellation
 N - 2 potions of experience
 P - 3 potions of flight
 R - 7 potions of attraction


   Skills:
 + Level 9.7 Fighting
 - Level 20.3 Long Blades
 - Level 11.0 Dodging
 - Level 2.6 Stealth
 - Level 4.6 Unarmed Combat
 - Level 2.6 Spellcasting
 - Level 0.5 Conjurations
 - Level 0.6 Translocations


You had 18 spell levels left.
You knew the following spells:

 Your Spells              Type           Power      Damage    Failure   Level
a - Magic Dart            Conj           16%        1d3       26%         1

Your spell library contained the following spells:

 Spells                   Type           Power      Damage    Failure   Level
 Freeze                   Ice            8%         1d3       30%         1
 Slow                     Hex            8%         N/A       30%         1
 Blink                    Tloc           8%         N/A       34%         2
 Lesser Beckoning         Tloc           8%         N/A       34%         2
 Momentum Strike          Conj/Tloc      8%         3d8       34%         2
 Scorch                   Fire           4%         2d5       41%         2
 Gell's Gravitas          Tloc           4%         N/A       54%         3
 Teleport Other           Tloc           4%         N/A       54%         3
 Hailstorm                Conj/Ice       3%         3d3       61%         3
 Portal Projectile        Hex/Tloc       6%         N/A       61%         3
 Frozen Ramparts          Ice            4%         1d1       63%         3
 Inner Flame              Hex/Fire       2%         N/A       63%         3
 Flame Wave               Conj/Fire      3%         2d5       93%         4
 Olgreb's Toxic Radiance  Pois           2%         N/A       95%         4
 Dispersal                Tloc           2%         N/A       100%        6
 Enfeeble                 Hex            1%         N/A       100%        7
 Sting                    Tmut/Pois      Unusable   1d3       N/A         1
 Call Imp                 Summ           Unusable   N/A       N/A         2
 Cigotuvi's Dreadful Rot  Necr/Pois/Air  Unusable   N/A       N/A         2
 Poisonous Vapours        Pois/Air       Unusable   N/A       N/A         2
 Mephitic Cloud           Conj/Pois/Air  Unusable   N/A       N/A         3
 Tukima's Dance           Hex            Unusable   N/A       N/A         3
 Ice Form                 Ice/Tmut       Unusable   N/A       N/A         4
 Blade Hands              Tmut           Unusable   N/A       N/A         5
 Yara's Violent Unravell  Hex/Tmut       Unusable   3d3       N/A         5
 Simulacrum               Ice/Necr       Unusable   N/A       N/A         6
 Summon Cactus Giant      Summ           Unusable   N/A       N/A         6

Dungeon Overview and Level Annotations

Branches:
Dungeon (14/15) Temple (1/1) D:4 Lair (5/5) D:11 Swamp (0/4) Lair:2 Snake (0/4) Lair:2 Slime (0/5) Lair:5 Orc (2/2) D:12 Elf (0/3) Orc:2 Vaults (0/5) D:13 D:14 Ossuary (visited) Bailey (visited)

Altars:
Ashenzari
Cheibriados
Dithmenos
Gozag
Kikubaaqudgha
Makhleb
Nemelex Xobeh
Okawaru
Qazlal
Ru
Sif Muna
Trog
Uskayaw
Vehumet
Wu Jian
Xom
Lugonu

Shops:
D:2 (   D:9 !   Orc:2 ??==*[(

Portals:
Abyss: Lair:5

Annotations:
D:14 Roxanne


Innate Abilities, Weirdness & Mutations

Your natural rate of healing is accelerated.
You have razor-sharp teeth.
You have supernaturally acute eyesight. (SInv)
Potions are less effective at restoring your health.
You cannot study or use magical devices.
You are hated by all.
You cannot study or cast Air magic.
You cannot study or cast Necromancy magic.
You cannot study or cast Transmutations magic.
Your casting is slightly disrupted.
You are somewhat unskilled. (-1 Apt)
You are afflicted with vampirism and can become a bat while bloodless.


Message History

The white ugly thing is heavily wounded.
The white ugly thing tail-slaps you! The white ugly thing freezes you!
You slice the white ugly thing!!
Mutagenic energy flows through the plutonium sword!
The air around the white ugly thing crackles with energy.
The white ugly thing basks in the mutagenic energy and changes!
You bite the green ugly thing.
The green ugly thing is almost dead.
The brown ugly thing completely misses you.
You slice the green ugly thing!!
You kill the green ugly thing!
Okawaru accepts your kill.
You closely miss the brown ugly thing.
The brown ugly thing closely misses you.
You slice the brown ugly thing!!
The brown ugly thing is heavily wounded.
Unknown command.
You slash the brown ugly thing!
The brown ugly thing is heavily wounded.
The white ugly thing basks in the mutagenic energy from its kin and changes!
The brown ugly thing claws you! The acid corrodes you!
You are splashed with acid.
You hit the brown ugly thing.
The brown ugly thing is heavily wounded.
The white ugly thing claws you. The white ugly thing freezes you!!
The brown ugly thing claws you.
* * * LOW HITPOINT WARNING * * *
The acid corrodes you!
You are splashed with acid!
* * * LOW HITPOINT WARNING * * *
You are too injured to fight recklessly!
Unknown command.
You are too injured to fight recklessly!
As you read the scroll of fear, it crumbles to dust.
You assume a fearsome visage.
The brown ugly thing looks frightened!
The purple ugly thing looks frightened!
The white ugly thing resists with some effort.
The white ugly thing claws you!
* * * LOW HITPOINT WARNING * * *
The white ugly thing freezes you!!
You die...

#......# ###.######.#....##
#......# #..#.....#......
#......# ####...###.#....##
#......# #........#.#....#
#......######.####.....#.#####
#......##........#.#.#...##...
####......##.....##.#.#.#....#.##
................uuu.#.#...#....#
####......##....@#.##.###.#.#..#
## #......##....†#....<........#
.........###.....##.....u......#
.........# #.........u..u...##>#
.........# #......#.#######.##.#
.8)......# #..............#.##.#
.......... ######...###.###u##.#
#......[..#.#....# #######
#.####....#.#.#uu#


You could see 3 ugly things.

Vanquished Creatures
  Rupert (Lair:3)
  An orc warlord (Orc:2)
  The ghost of Cicylist the Cleaver, a journeyman FoFi of Okawaru (D:14)
  Snorg (Orc:1)
  Josephine (Lair:3)
  3 hydras
  2 catoblepae (Lair:5)
  4 centaur warriors
  Erica (Orc:1)
  9 death yaks
  4 two-headed ogres
  2 boulder beetles
  3 orc high priests (Orc:2)
  3 thrashing horrors (Lair:5)
  Sonja (D:13)
  Nergalle (Orc:1)
  3 skysharks
  A swamp dragon (Orc:2)
  6 orc knights
  2 deep elf pyromancers (D:14)
  A wolf spider (D:13)
  3 oklob plants (Lair:4)
  3 manticores
  4 orc sorcerers (Orc:2)
  11 ugly things
  A salamander (shapeshifter) (Lair:5)
  14 elephants
  6 black mambas
  6 cane toads
  3 gargoyles
  5 smoke demons (Lair:5)
  6 komodo dragons
  3 kobold demonologists
  2 ancient zymes (Lair:5)
  2 trolls
  5 polar bears
  3 meliai
  3 hornets
  Grinder (D:5)
  13 blink frogs
  3 slime creatures (D:11)
  A ynoxinul (Lair:5)
  5 shadows
  6 wraiths
  2 water elementals (D:14)
  A vampire (D:9)
  6 wyverns
  5 basilisks
  54 yaks
  16 humans (D:13)
  A chaos spawn (Lair:5)
  3 steam dragons
  9 vampire mosquitoes
  2 wargs
  19 water moccasins
  3 acid dragons
  A floating eye (Lair:4)
  A large abomination (Lair:5)
  3 sky beasts
  29 orc warriors
  2 ice beasts
  3 black bears
  2 ogres (Orc:2)
  9 centaurs
  9 wolves
  2 phantoms
  3 kobold brigands
  14 small abominations (Lair:5)
  6 bullfrogs
  A scorpion (D:4)
  2 gnoll sergeants (D:9)
  2 wights (D:8)
  3 killer bees (D:9)
  10 howler monkeys
  4 electric eels (Lair:2)
  11 hounds
  21 orc priests
  A gnoll bouda (D:9)
  3 sleepcaps
  3 iguanas
  26 orc wizards
  4 hell rats (Lair:5)
  6 ogre zombies (D:12)
  A mummy (Ossuary)
  6 adders
  39 gnolls
  A shadow imp (D:5)
  An ufetubus (D:6)
  A worm (D:4)
  87 orcs
  3 ball pythons
  6 endoplasms
  2 giant cockroaches (D:2)
  7 goblins
  4 hobgoblins
  4 jackals
  6 quokkas
  3 bats
  8 frilled lizards
  11 gnoll skeletons (Ossuary)
  A goblin zombie (D:12)
  4 hobgoblin zombies (D:12)
  24 kobolds
  3 kobold skeletons (Ossuary)
  11 orc skeletons
  13 orc zombies (D:12)
  5 rats
713 creatures vanquished.

Vanquished Creatures (others)
  A death yak (Lair:5)
  A manticore (D:11)
  A blink frog (Lair:2)
  A yak (Lair:3)
  A water moccasin (Lair:4)
  An orc (Orc:1)
6 creatures vanquished.

Grand Total: 719 creatures vanquished

Notes
Turn   | Place    | Note
-------+----------+-------------------------------------------
     0 | D:1      | SnakkuSnakku7 the Vampire Hedge Wizard began the quest for
                  | the Orb.
     0 | D:1      | Reached XP level 1. HP: 13/13 MP: 4/4
   347 | D:1      | Reached skill level 1 in Unarmed Combat
   351 | D:1      | Reached XP level 2. HP: 18/20 MP: 6/6
   371 | D:1      | Reached skill level 1 in Fighting
  1111 | D:2      | Gained mutation: You are afflicted with vampirism and can
                  | become a bat while bloodless. [Vampire growth]
  1111 | D:2      | Reached XP level 3. HP: 22/26 MP: 7/7
  1281 | D:2      | Found Rykauhal's Antique Weapon Shoppe.
  1420 | D:2      | Found a faded altar of an unknown god.
  1545 | D:2      | Reached XP level 4. HP: 19/33 MP: 8/8
  2474 | D:3      | Reached XP level 5. HP: 38/40 MP: 9/9
  2990 | D:4      | Found a staircase to the Ecumenical Temple.
  3007 | Temple   | Entered the Ecumenical Temple
  3068 | Temple   | Became a worshipper of Ru the Awakened
  3544 | D:5      | Entered Level 5 of the Dungeon
  3556 | D:5      | Found a snail-covered altar of Cheibriados.
  3625 | D:5      | Noticed a water moccasin
  3725 | D:5      | Killed a water moccasin
  3726 | D:5      | Reached XP level 6. HP: 16/38 MP: 10/10
  3857 | D:5      | Reached skill level 5 in Unarmed Combat
  3943 | D:5      | Noticed Grinder
  3972 | D:5      | Killed Grinder
  3973 | D:5      | Reached skill level 5 in Fighting
  3973 | D:5      | Reached XP level 7. HP: 39/39 MP: 11/11
  4363 | D:5      | Reached XP level 8. HP: 36/53 MP: 12/12
  4596 | D:2      | Bought a slimy scimitar for 234 gold pieces
  4596 | D:2      | Identified the +8 scimitar of Regicide {heavy, rC+ rCorr}
                  | (You bought it in a shop on level 2 of the Dungeon)
  4983 | D:6      | Reached skill level 1 in Long Blades
  5010 | D:6      | Reached skill level 2 in Long Blades
  5257 | D:7      | Reached skill level 3 in Long Blades
  5273 | D:6      | Reached skill level 4 in Long Blades
  5416 | D:7      | Reached skill level 5 in Long Blades
  5472 | D:7      | Reached skill level 6 in Long Blades
  5641 | D:7      | Noticed a hornet
  5643 | D:7      | Found a sand-covered staircase.
  5645 | D:7      | Killed a hornet
  5646 | D:7      | Reached XP level 9. HP: 56/74 MP: 13/13
  5652 | Ossuary  | Entered an ossuary
  5696 | Ossuary  | Gained mutation: You cannot study or cast Air magic. [Ru
                  | sacrifice]
  5696 | Ossuary  | Gained mutation: You cannot study or cast Transmutations
                  | magic. [Ru sacrifice]
  5696 | Ossuary  | Gained mutation: You cannot study or cast Necromancy magic.
                  | [Ru sacrifice]
  5696 | Ossuary  | Reached * piety under Ru
  5727 | Ossuary  | Reached skill level 7 in Long Blades
  5834 | D:7      | Found a large runed translucent door.
  5834 | D:7      | Found a large runed translucent door.
  5834 | D:7      | Found a shimmering altar of Xom.
  6651 | D:8      | Reached skill level 8 in Long Blades
  6832 | D:8      | Reached skill level 9 in Long Blades
  6860 | D:8      | Noticed a two-headed ogre
  6868 | D:8      | Noticed a seven-headed hydra
  6870 | D:8      | Killed a two-headed ogre
  6871 | D:8      | Reached skill level 10 in Long Blades
  6871 | D:8      | Reached XP level 10. HP: 47/80 MP: 14/14
  7115 | D:8      | Reached skill level 11 in Long Blades
  7764 | D:9      | Reached skill level 12 in Long Blades
  7949 | D:9      | Reached skill level 13 in Long Blades
  7969 | D:9      | Found Negussai's Distillery.
  7982 | D:9      | Bought a potion of heal wounds for 75 gold pieces
  7982 | D:9      | Bought a potion of might for 60 gold pieces
  8006 | D:9      | Found a flagged portal.
  8021 | Bailey   | Entered a bailey
  8156 | Bailey   | Gained mutation: Potions are less effective at restoring
                  | your health. [Ru sacrifice]
  8156 | Bailey   | Reached ** piety under Ru
  8214 | Bailey   | Noticed an orc knight
  8214 | Bailey   | Noticed an orc knight
  8242 | Bailey   | Killed an orc knight
  8296 | Bailey   | Killed an orc knight
  8297 | Bailey   | Reached XP level 11. HP: 81/86 MP: 15/15
  8430 | D:9      | Reached skill level 14 in Long Blades
  9091 | D:9      | Reached skill level 5 in Dodging
  9208 | D:9      | Found a blossoming altar of Fedhas.
  9224 | D:9      | Found an opulent altar of Gozag.
  9252 | D:10     | Entered Level 10 of the Dungeon
  9303 | D:10     | Identified the +2 scimitar of Extinguishment {heavy, Will+
                  | Str+5}
  9935 | D:11     | Gained mutation: You cannot study or use magical devices.
                  | [Ru sacrifice]
  9935 | D:11     | Reached *** piety under Ru
  9935 | D:11     | Reached **** piety under Ru
  9996 | D:11     | Noticed a death yak
  9996 | D:11     | Noticed a death yak
  9996 | D:11     | Noticed a death yak
  9996 | D:11     | Noticed a death yak
  9997 | D:11     | Noticed a death yak
  9997 | D:11     | Noticed a two-headed ogre
  9997 | D:11     | Noticed a death yak
 10013 | D:11     | Killed a death yak
 10019 | D:11     | Killed a death yak
 10054 | D:10     | Killed a death yak
 10055 | D:10     | Reached skill level 10 in Dodging
 10195 | D:11     | Noticed a two-headed ogre
 10198 | D:11     | Killed a two-headed ogre
 10453 | D:11     | Reached XP level 12. HP: 81/92 MP: 16/16
 10513 | D:11     | Killed a death yak
 10525 | D:11     | Killed a death yak
 10530 | D:11     | Killed a two-headed ogre
 10536 | D:11     | Killed a death yak
 10586 | D:11     | Found a staircase to the Lair.
 10740 | Lair:1   | Entered Level 1 of the Lair of Beasts
 11105 | Lair:1   | Reached skill level 10 in Fighting
 11663 | Lair:2   | Found a staircase to the Snake Pit.
 11677 | Lair:2   | Identified 2 scrolls of acquirement
 11677 | Lair:2   | Acquired the +11 plutonium sword {Contam Stlth-}
 11677 | Lair:2   | Found the +11 plutonium sword {Contam Stlth-}
 11689 | Lair:2   | Acquired 946 gold pieces
 11833 | Lair:2   | Found a staircase to the Swamp.
 11868 | Lair:2   | Gained mutation: You are somewhat unskilled. (-1 Apt) [Ru
                  | sacrifice]
 11868 | Lair:2   | Reduced skill Long Blades to level 12
 11868 | Lair:2   | Reached ***** piety under Ru
 11924 | Lair:2   | Reached skill level 13 in Long Blades
 12441 | Lair:3   | Noticed Rupert
 12453 | Lair:3   | Killed Rupert
 12454 | Lair:3   | Reached XP level 13. HP: 101/101 MP: 17/17
 12511 | Lair:3   | Noticed Josephine
 12518 | Lair:3   | Reached skill level 14 in Long Blades
 12524 | Lair:3   | Killed Josephine
 12705 | Lair:3   | Identified the +2 dagger "Qazor" {freeze, rC++ Will+ Str+3
                  | Int-5}
 13316 | Lair:4   | Paralysed by a floating eye for 2 turns
 13405 | Lair:4   | Reached skill level 15 in Long Blades
 13418 | Lair:4   | Paralysed by a floating eye for 4 turns
 13425 | Lair:4   | Paralysed by a floating eye for 3 turns
 13477 | Lair:4   | Gained mutation: You are hated by all. [Ru sacrifice]
 14094 | Lair:5   | Entered Level 5 of the Lair of Beasts
 14168 | Lair:5   | Reached skill level 16 in Long Blades
 14370 | Lair:5   | Reached XP level 14. HP: 92/108 MP: 18/18
 14411 | Lair:5   | Reached skill level 17 in Long Blades
 14971 | Lair:5   | Gained mutation: Your casting is slightly disrupted. [Ru
                  | sacrifice]
 14971 | Lair:5   | Reached ****** piety under Ru
 15218 | Lair:5   | Found a staircase to the Slime Pits.
 15476 | Lair:5   | Reached skill level 18 in Long Blades
 15479 | Lair:5   | Found a corrupted altar of Lugonu.
 15479 | Lair:5   | Found a one-way gate to the infinite horrors of the Abyss.
 15915 | Temple   | Fell from the grace of Ru
 15915 | Temple   | Became a worshipper of Warmaster Okawaru
 16215 | D:12     | Found a staircase to the Orcish Mines.
 16474 | D:12     | Found a stormy altar of Qazlal.
 16735 | Orc:1    | Entered Level 1 of the Orcish Mines
 16795 | Orc:1    | Noticed Snorg
 16808 | Orc:1    | Killed Snorg
 16977 | Orc:2    | Entered Level 2 of the Orcish Mines
 16983 | Orc:2    | Found Tusoah's Magic Scroll Shoppe.
 16986 | Orc:2    | Bought a scroll of magic mapping for 127 gold pieces
 16986 | Orc:2    | Bought a scroll of magic mapping for 127 gold pieces
 16986 | Orc:2    | Bought a scroll of teleportation for 51 gold pieces
 16986 | Orc:2    | Bought a scroll of enchant armour for 127 gold pieces
 17033 | Orc:2    | Reached * piety under Okawaru
 17060 | Orc:1    | Found Vaffos's Distillery.
 17060 | Orc:1    | Noticed Nergalle
 17062 | Orc:1    | Noticed Erica
 17070 | Orc:1    | Killed Erica
 17079 | Orc:1    | Killed Nergalle
 17271 | Orc:2    | Found Hosarare's Jewellery Shoppe.
 17316 | Orc:2    | Found a staircase to the Elven Halls.
 17452 | Orc:2    | Reached ** piety under Okawaru
 17566 | Orc:2    | Paralysed by an orc sorcerer for 5 turns
 17633 | Orc:2    | Found Rargha's Magic Scroll Shoppe.
 17641 | Orc:2    | Bought a scroll of enchant armour for 105 gold pieces
 17641 | Orc:2    | Bought a scroll of blinking for 105 gold pieces
 17834 | Orc:2    | Reached skill level 19 in Long Blades
 17871 | Orc:2    | Noticed an orc warlord
 17985 | Orc:2    | Killed an orc warlord
 17985 | Orc:2    | Reached *** piety under Okawaru
 18159 | Orc:2    | Found Kepas's Antique Armour Shoppe.
 18160 | Orc:2    | Found Daho's Antique Weapon Shoppe.
 18162 | Orc:2    | Found Patozasch's General Store.
 18162 | Orc:2    | Found Mydyn's Jewellery Emporium.
 18179 | Orc:2    | Bought a scroll of fear for 52 gold pieces
 18605 | D:13     | Noticed Sonja
 18627 | D:13     | Killed Sonja
 18984 | D:13     | Reached XP level 15. HP: 114/114 MP: 19/19
 18985 | D:13     | Reached **** piety under Okawaru
 19378 | D:14     | Found a runed translucent door.
 19379 | D:14     | Noticed Cicylist's ghost (journeyman FoFi)
 19399 | D:14     | Killed Cicylist's ghost
 19482 | D:14     | Found a gate to the Vaults.
 19489 | D:13     | Reached skill level 20 in Long Blades
 19530 | D:13     | HP: 4/114 [human (2)]
 19573 | D:13     | Reached ***** piety under Okawaru
 19713 | D:14     | Noticed Roxanne
 19930 | D:14     | Mangled by a white ugly thing

Illustrated notes

Levels and vault maps discovered:
D:1:      minmay_arrival_stair_chambers, layout_basic
D:2:      layout_loops_cross, serial_shops, shop, ebering_ecumenical_altar_hall,
          lexackson_kobold_supper
D:3:      layout_loops_ring, zin_scriptorium,
          amcnicky_mini_rare_corridor_liquid, hangedman_feature_mirror,
          kennysheep_pointless_box
D:4:      layout_basic, minmay_temple_entry_statues
D:5:      layout_cave_pools, kennysheep_mini_moat, uniq_grinder
D:6:      layout_loops_ring
D:7:      due_chaos_kobolds, layout_cave_pods, nicolae_ossuary_entry_monument
D:8:      layout_loops_corners, minmay_manual_mess
D:9:      minmay_recursive_quarters, layout_cave_pools,
          mainiacjoe_overflow_big_doors, enter_bailey_7, serial_gnoll_camp,
          gnoll_camp_medium_01, gnoll_camp_mini_loothouse,
          gnoll_camp_mini_doghouse, gnoll_camp_mini_shop,
          gnoll_camp_mini_sergeant
D:10:     layout_cross, minivault_5, serial_park_tiny_pond
D:11:     layout_roguey, dpeg_lair_monsters, grunt_ministairs_3
D:12:     layout_cave_pools, zombieorc1_lemuel, chequers_garden,
          grunt_qazlal_sundering
D:13:     layout_gridville, uniq_sonja
D:14:     layout_basic, david_vaults_3, gammafunk_ghost_grave, uniq_roxanne
Temple:   hc_temple_tempest_star
Lair:1:   layout_concentric_octagons, grunt_megastairs_2
Lair:2:   layout_long_grid, minmay_swamp_entry_eels,
          minmay_snake_entry_six_corridors
Lair:3:   layout_concentric_octagons, grunt_megastairs_4, lemuel_fruit_fields,
          uniq_rupert, uniq_josephine
Lair:4:   layout_roguey, disabler_island, infiniplex_staircase_pool_2
Lair:5:   hellmonk_lair_end_abyssal_woods, layout_concentric_octagons,
          dpeg_slime_entry_corner, nicolae_lair_yak_garden, grunt_megastairs_1
Orc:1:    layout_caves, serial_shops, shop, uniq_nergalle, uniq_snorg,
          uniq_erica
Orc:2:    st_orc_congregation, layout_diamond_mine, serial_shops,
          nicolae_shop_pleasant_corner_grove, shop, nicolae_shop_behind_doors,
          mines2_david

Skill      XL: |  1  2  3  4  5  6  7  8  9 10 11 12 13 14 15 |
---------------+----------------------------------------------+-----
Unarmed Combat | 1 2 3 4 5 4 |  4.6
Fighting       | 1 2 4 5 7 9 |  9.7
Long Blades    | 6 10 13 14 13 16 19 20 | 20.3
Dodging        | 10 11 | 11.0
Stealth        | 2 |  2.6
Spellcasting   | 2 |  2.6
Summonings     | 0 |  0.0
Conjurations   | |  0.5
Translocations | |  0.6

Action                     |  1- 3 |  4- 6 |  7- 9 | 10-12 | 13-15 || total
---------------------------+-------+-------+-------+-------+-------++-------
  Melee: Dagger            |   112 |   176 |   122 |       |       ||   410
         Bite              |    10 |    15 |    32 |    75 |   139 ||   271
         Punch             |     1 |     5 |       |       |       ||     6
         Scimitar          |       |       |   106 |   512 |   372 ||   990
         Triple sword      |       |       |       |       |   560 ||   560
  Throw: Dart              |       |       |     5 |       |       ||     5
         Throwing net      |       |       |       |       |     3 ||     3
 Invoke: Sacrifice Arcana  |       |       |     1 |       |       ||     1
         Sacrifice Purity  |       |       |       |     1 |       ||     1
         Power Leap        |       |       |       |     1 |       ||     1
         Sacrifice Artific |       |       |       |     1 |       ||     1
         Sacrifice Skill   |       |       |       |     1 |       ||     1
         Apocalypse        |       |       |       |       |     1 ||     1
         Sacrifice Love    |       |       |       |       |     1 ||     1
         Sacrifice Essence |       |       |       |       |     1 ||     1
Ability: Exsanguinate      |       |     2 |       |       |       ||     2
         Revivify          |       |     1 |     1 |       |       ||     2
  Evoke: Wand              |       |     1 |       |     6 |       ||     7
    Use: Potion            |       |     4 |       |     2 |     6 ||    12
         Scroll            |       |     3 |     9 |    17 |    10 ||    39
   Stab: Sleeping          |     4 |     1 |       |       |       ||     5
         Distracted        |       |     1 |       |       |     1 ||     2
         Paralysed         |       |     4 |       |     6 |     3 ||    13
         Invisible         |       |       |       |     2 |     1 ||     3
         Petrifying        |       |       |       |     2 |       ||     2
         Petrified         |       |       |       |     1 |       ||     1
 Armour: Robe              |     5 |       |       |       |       ||     5
         Ring mail         |    30 |    51 |    65 |       |       ||   146
         Steam dragon scal |       |       |    27 |    56 |     9 ||    92
         Ice dragon scales |       |       |       |   169 |   233 ||   402
         Troll leather arm |       |       |       |       |   198 ||   198
         Acid dragon scale |       |       |       |       |    21 ||    21
  Dodge: Dodged            |    82 |   130 |   247 |   524 |  1264 ||  2247
